 Dungeon Crawl Stone Soup version 0.29.1-15-g9cfb28693d (webtiles) character file.

Game seed: 10392377468547528780

2 domi the Digger (level 1, 0/14 HPs)
             Began as a Meteoran Earth Elementalist on Apr 1, 2023.
             Frozen to death by an endoplasm (5 damage)
             ... on level 1 of the Dungeon.
             The game lasted 00:00:24 (30 turns).

domi the Digger (Meteoran Earth Elementalist)         Turns: 30, Time: 00:00:25

Health: 0/14       AC:  2    Str:  9    XL:     1   Next: 57%
Magic:  0/5        EV: 12    Int: 16    God:
Gold:   27         SH:  0    Dex: 14    Spells: 4/5 levels left

rFire   . . .      SeeInvis .   (no weapon)
rCold   . . .      Faith    .   (no shield)
rNeg    . . .      Spirit   .   a - +0 robe
rPois   .          Reflect  .   (no helmet)
rElec   .          Harm     .   (no cloak)
rCorr   .          Rampage  .   (no gloves)
Will    .....                   (no boots)
Stlth   +.........              (no amulet)
HPRegen 0.04/turn               (no ring)
MPRegen 0.09/turn               (no ring)

@: glowing
A: sense surroundings 1, otherworldly, glowing, explore regen
a: no special abilities


You were on level 1 of the Dungeon.
You visited 1 branch of the dungeon, and saw 1 of its levels.

You collected 27 gold pieces.

Inventory:

Armour
 a - a +0 robe (worn)
Potions
 b - a potion of magic


   Skills:
 - Level 2.4 Dodging
 - Level 1.4 Stealth
 - Level 2.6 Spellcasting
 - Level 1.2 Transmutations
 * Level 3.9 Earth Magic


You had 4 spell levels left.
You knew the following spells:

 Your Spells              Type           Power      Damage    Failure   Level
z - Sandblast             Erth           28%        2d8       4%          1

Your spell library contained the following spells:

 Spells                   Type           Power      Damage    Failure   Level
 Passwall                 Tmut/Erth      8%         N/A       11%         2
 Stone Arrow              Conj/Erth      16%        3d8       26%         3
 Petrify                  Tmut/Erth      10%        N/A       56%         4


Dungeon Overview and Level Annotations

Branches:
Dungeon (1/15) Zot: 566

Altars:


Innate Abilities, Weirdness & Mutations

You passively map a small area around you.
You are easily found by Zot.
You glow in the dark.
You regain HP and MP as you explore.


Message History

Welcome, domi the Meteoran Earth Elementalist.
They say the Orb of Zot lies within this dungeon, but they say a lot of things.
Found 27 gold pieces.
Found a staircase leading out of the dungeon.
Lua error: attempt to yield across metamethod/C-call boundary Unknown command.
You now have 12 gold pieces.
You now have 27 gold pieces (gained 15).
There is a staircase leading out of the dungeon here.
You open the door.
There is an open door here.
You open the door.
There is an open door here.
You open the door.
There is an open door here.
A frilled lizard and a rat come into view.
The frilled lizard hisses angrily.
A goblin comes into view. It is wielding a +0 dagger.
Aim: a frilled lizard (70% to hit)
The blast of sand hits the frilled lizard.
You kill the frilled lizard!
The goblin shouts!
Aim: a rat (82% to hit)
The blast of sand hits the rat.
You kill the rat!
An endoplasm comes into view.
Aim: a goblin, wielding a +0 dagger (77% to hit)
The blast of sand hits the goblin.
Aim: a goblin, wielding a +0 dagger (moderately wounded, 77% to hit)
The blast of sand misses the goblin.
The goblin barely misses you.
Aim: a goblin, wielding a +0 dagger (77% to hit)
The blast of sand hits the goblin.
You kill the goblin!
The endoplasm hits you but does no damage.
You don't have enough magic to cast this spell.
You hit the endoplasm. The endoplasm freezes you.
You are frozen.
You completely miss the endoplasm. The endoplasm freezes you.
You are frozen.
Unknown command.
The endoplasm misses you.
You see here a +0 dagger.
Aim: an endoplasm (lightly wounded, 98% to hit)
The blast of sand hits the endoplasm but does no damage.
The endoplasm barely misses you. The endoplasm freezes you.
You are frozen.
You die...

* #...#.# ,
##..... , ,
......#* ** +
,.....,# ,
....#.### , + *
#....... ,
#..##.# * ,
#@....# , **
#J....# * * ,* *
#...#.# #.
#+#####...#.# ,
#.##..#........#,
,#.....'.....####
,
#.##..#.........
* ,
*#'#####..#### *
, #.#...#..#


You could see an endoplasm.

Vanquished Creatures
  A goblin (D:1)
  A frilled lizard (D:1)
  A rat (D:1)
3 creatures vanquished.

Notes
Turn   | Place    | Note
-------+----------+-------------------------------------------
     0 | D:1      | domi the Meteoran Earth Elementalist began the quest for
                  | the Orb.
     0 | D:1      | Reached XP level 1. HP: 14/14 MP: 5/5
    30 | D:1      | Frozen to death by an endoplasm

Illustrated notes

Levels and vault maps discovered:
D:1:      arrival_zaba_pyramid, layout_basic

Action                   || total
-------------------------++-------
Melee: Unarmed           ||     2
 Cast: Sandblast         ||     6
Armor: Robe              ||     1
Dodge: Dodged            ||     3

Table legend: (Time is in decaauts)
 A = Elapsed time spent in this place.
 B = Non-inter-level travel time spent in this place.
 C = Inter-level travel time spent in this place.
 D = Time resting spent in this place.
 E = Time spent auto-exploring this place.
 F = Levels seen in this place.
 G = Mean time per level.
                   A        B        C        D        E       F      G
               +--------+--------+--------+--------+--------+-----+--------+
         Total |     32 |     32 |      0 |      0 |      0 |   1 |   32.0 |
       Dungeon |     32 |     32 |      0 |      0 |      0 |   1 |   32.0 |
               +--------+--------+--------+--------+--------+-----+--------+

Top non-repeatable levels by time:
     D:1: 32 daAuts

Table legend:
 A = Kills in this place as a percentage of kills in entire the game.
 B = Kills by you in this place as a percentage of kills by you in the entire game.
 C = Kills by friends in this place as a percentage of kills by friends in the entire game.
 D = Other kills in this place as a percentage of other kills in the entire game.
 E = Experience gained in this place as a percentage of experience gained in the entire game.
 F = Experience gained in this place divided by the number of levels of this place that you have seen.
                   A       B       C       D       E      F
               +-------+-------+-------+-------+-------+----------------------
         Total | 100.0 | 100.0 |   N/A |   N/A | 100.0 |   4.0
       Dungeon | 100.0 | 100.0 |   N/A |   N/A | 100.0 |   4.0
               +-------+-------+-------+-------+-------+----------------------
